 Dungeon Crawl Stone Soup version 0.26-a0-663-g36e8fdb655 (webtiles) character file.

Game seed: 965226149592980994

3446 Birvald the Geomancer (level 10, -2/56 HPs)
             Began as a Gargoyle Earth Elementalist on Oct 11, 2020.
             Was an Initiate of Vehumet.
             Slain by Harold the salamander
             ... wielding a +0 battleaxe
              (15 damage)
             ... on level 7 of the Dungeon.
             The game lasted 00:21:53 (6384 turns).

Birvald the Geomancer (Gargoyle Earth Elementalist) Turns: 6384, Time: 00:21:54

Health: -2/56      AC: 15    Str: 11    XL:     10   Next: 6%
Magic:  11/28      EV: 13    Int: 20    God:    Vehumet [......]
Gold:   953        SH:  0    Dex: 10    Spells: 13/22 levels left

rFire    . . .     SeeInvis .   d - +1 dagger (protect)
rCold    . . .     Faith    .   (no shield)
rNeg     + . .     Spirit   .   c - +0 robe
rPois    ∞         Reflect  .   (helmet restricted)
rElec    +         Harm     .   r - +0 cloak
rCorr    .         Rampage  .   h - +1 pair of gloves
MR       .....     Rnd*Tele +   z - +0 pair of boots
Stlth    ++........             a - amulet of regeneration
HPRegen  0.58/turn              x - ring of teleportation (curse)
MPRegen  0.21/turn              q - ring of magical power

@: marked
A: horns 1, blurry vision 1, negative energy resistance 1, shaggy fur 1,
electricity resistance, unbreathing, evolution 1, petrification resistance, rot
immunity, AC +7
a: Renounce Religion


You were on level 7 of the Dungeon.
You worshipped Vehumet.
Vehumet was noncommittal.
You visited 2 branches of the dungeon, and saw 8 of its levels.

You collected 953 gold pieces.

Inventory:

Hand Weapons
 d - a +1 dagger of protection (weapon)
 w - a +0 flail
Missiles
 b - 122 stones (quivered)
Armour
 c - a +0 robe (worn)
 f - a +2 helmet
 h - a +1 pair of gloves (worn)
 r - a +0 cloak (worn)
 z - a +0 pair of boots (worn)
Jewellery
 a - an amulet of regeneration (around neck)
 j - an uncursed ring of stealth
 q - a ring of magical power (right hand)
 u - an uncursed ring of flight
 x - a cursed ring of teleportation (left hand)
Wands
 e - a wand of flame (21)
 n - a wand of polymorph (6)
 y - a wand of paralysis (9)
Scrolls
 g - 2 scrolls of teleportation
 t - 2 scrolls of enchant weapon
Potions
 i - 2 potions of stabbing
 k - 2 potions of lignification
 l - a potion of resistance
 o - a potion of cancellation
 s - a potion of magic
 v - a potion of mutation


   Skills:
 + Level 3.9 Fighting
 + Level 3.6 Maces & Flails
 + Level 3.9 Armour
 + Level 3.3 Dodging
 - Level 2.1 Stealth
 + Level 6.5 Spellcasting
 + Level 5.8 Conjurations
   Level 0.7 Transmutations
 + Level 9.0 Earth Magic
 + Level 3.1 Evocations


You had 13 spell levels left.
You knew the following spells:

 Your Spells              Type           Power        Failure   Level
a - Sandblast             Erth           #####.       1%          1
b - Stone Arrow           Conj/Erth      #####.       1%          3
c - Lee's Rapid Deconstr  Erth           #####.....   7%          5

Your spell library contained the following spells:

 Spells                   Type           Power        Failure   Level
 Passwall                 Tmut/Erth      ####....     1%          2
 Animate Skeleton         Necr           #.....       10%         1
 Apportation              Tloc           #.....       10%         1
 Corona                   Hex            #......      10%         1
 Summon Small Mammal      Summ           #...         10%         1
 Petrify                  Tmut/Erth      ####....     13%         4


Dungeon Overview and Level Annotations

Branches:
Dungeon (7/15)             Temple (1/1) D:7

Altars:
Ashenzari
Cheibriados
Dithmenos
Elyvilon
Fedhas
Gozag
Kikubaaqudgha
Makhleb
Ru
Uskayaw
Vehumet
Wu Jian
Xom
Yredelemnul

Shops:
D:5 (

Annotations:
D:7 Harold


Innate Abilities, Weirdness & Mutations

You are resistant to torment.
Your stone body is resilient. (AC +7)
You are immune to poison.
You resist negative energy. (rN+)
You are resistant to electric shocks. (rElec)
You can survive without breathing.
You are immune to petrification.
You are immune to rotting.
You have a pair of small horns on your head.
Scrolls take you a little longer to read.
You are covered in fur. (AC +1)
You evolve.


Message History

Harold drinks a potion.
Harold is healed!
Casting: Stone Arrow (safe; 1% risk of failure)
Confirm with . or Enter, or press ? or * to list all spells.
Aiming: Stone Arrow (safe; 1% risk of failure)
Press: ? - help, Shift-Dir - straight line, f/p - Harold
Aim: Harold the salamander, wielding a +0 battleaxe and quivering a throwing net (heavily wounded)
The stone arrow hits Harold!
Harold is severely wounded.
Harold misses you.
Casting: Stone Arrow (safe; 1% risk of failure)
Confirm with . or Enter, or press ? or * to list all spells.
Aiming: Stone Arrow (safe; 1% risk of failure)
Press: ? - help, Shift-Dir - straight line, f/p - Harold
Aim: Harold the salamander, wielding a +0 battleaxe and quivering a throwing net (severely wounded)
The stone arrow hits Harold!
Harold is almost dead.
Harold hits you with a +0 battleaxe.
* * * LOW HITPOINT WARNING * * *
You are engulfed in flames!
You die...

.....................
..####(..###......... #
#...# #....#### ##..##
##...# #####...# #..$##
...##...# ##...#
...)...## ##..#
.......# #..####...
..#....# #.@.....#
#........# #..N....#
##......... #........#
#.....................#
#.......##...##..####.#
......####..# #..# .
#.. #..# #( ##.#


You could see Harold the salamander.

Vanquished Creatures
  A deep elf mage (D:6)
  Maggie (D:6)
  Prince Ribbit (D:6)
  2 orc warriors
  2 sky beasts (D:6)
  A phantom (D:7)
  A hornet zombie (D:6)
  3 ogres
  A wyvern zombie (D:7)
  2 bullfrogs
  A jelly (D:6)
  A scorpion (D:6)
  6 killer bees (D:7)
  5 wights (D:7)
  A bullfrog zombie (D:6)
  2 quasits (D:6)
  An orc priest (D:5)
  3 bullfrog skeletons (D:6)
  3 hounds
  3 orc wizards
  Crazy Yiuf (D:6)
  Jessica (D:3)
  2 iguanas
  8 worker ants
  A worker ant zombie (D:5)
  Robin (D:2)
  11 adders
  3 shadow imps
  2 ufetubi
  An adder zombie (D:6)
  4 worms
  3 dart slugs
  5 leopard geckos
  24 orcs
  7 bats
  2 giant cockroaches
  7 hobgoblins
  8 kobolds
  A quokka (D:6)
  3 ball pythons
  7 frilled lizards
  15 goblins
  A quokka zombie (D:7)
  7 rats
166 creatures vanquished.

Notes
Turn   | Place    | Note
-------+----------+-------------------------------------------
     0 | D:1      | Birvald the Gargoyle Earth Elementalist began the quest for
                  | the Orb.
     0 | D:1      | Reached XP level 1. HP: 10/10 MP: 3/3
   234 | D:1      | Reached XP level 2. HP: 15/15 MP: 1/5
   238 | D:1      | Reached skill level 4 in Earth Magic
   598 | D:1      | Reached XP level 3. HP: 19/19 MP: 2/6
   603 | D:1      | Learned a level 3 spell: Stone Arrow
   928 | D:2      | Gained mutation: Scrolls take you a little longer to read.
                  | [potion of mutation]
   928 | D:2      | Gained mutation: You are covered in fur. (AC +1) [potion of
                  | mutation]
   928 | D:2      | Gained mutation: You evolve. [potion of mutation]
   953 | D:2      | Found a white marble altar of Elyvilon.
   955 | D:2      | Noticed an orc warrior
   983 | D:2      | Reached XP level 4. HP: 20/24 MP: 4/8
  1199 | D:2      | Noticed Robin
  1231 | D:2      | Reached skill level 5 in Earth Magic
  1237 | D:2      | Killed Robin
  1521 | D:2      | Reached XP level 5. HP: 28/28 MP: 6/10
  1530 | D:2      | Learned a level 5 spell: Lee's Rapid Deconstruction
  2011 | D:2      | Killed an orc warrior
  2011 | D:2      | Reached skill level 6 in Earth Magic
  2011 | D:2      | Reached XP level 6. HP: 10/32 MP: 0/12
  2339 | D:3      | You fall into a shaft and drop 3 floors!
  2346 | D:5      | Entered Level 5 of the Dungeon
  2381 | D:5      | Found Obrumap's Weapon Boutique.
  2851 | D:3      | Noticed Jessica
  2852 | D:3      | Killed Jessica
  3108 | D:3      | Found a faded altar of an unknown god.
  3250 | D:4      | Reached skill level 7 in Earth Magic
  3250 | D:4      | Reached XP level 7. HP: 36/36 MP: 14/14
  3261 | D:4      | Reached skill level 5 in Spellcasting
  3755 | D:4      | Gained mutation: You have a pair of small horns on your
                  | head. [evolution]
  3794 | D:5      | Reached skill level 1 in Conjurations
  4266 | D:6      | Noticed Maggie
  4273 | D:6      | Killed Maggie
  4273 | D:6      | Reached skill level 1 in Fighting
  4273 | D:6      | Reached skill level 1 in Maces & Flails
  4273 | D:6      | Reached skill level 1 in Armour
  4273 | D:6      | Reached skill level 1 in Evocations
  4273 | D:6      | Reached XP level 8. HP: 19/43 MP: 16/16
  4394 | D:6      | Reached skill level 8 in Earth Magic
  4625 | D:6      | Reached XP level 9. HP: 49/49 MP: 10/17
  4819 | D:6      | Noticed Prince Ribbit
  4827 | D:6      | Killed Prince Ribbit
  4973 | D:6      | Noticed a deep elf mage
  4977 | D:6      | Killed a deep elf mage
  5088 | D:6      | Found a runed translucent door.
  5089 | D:6      | Noticed Crazy Yiuf
  5094 | D:6      | Killed Crazy Yiuf
  5094 | D:6      | Reached skill level 5 in Conjurations
  6060 | D:7      | Found a staircase to the Ecumenical Temple.
  6081 | Temple   | Entered the Ecumenical Temple
  6137 | Temple   | Became a worshipper of Vehumet
  6180 | D:7      | Reached XP level 10. HP: 56/56 MP: 19/19
  6254 | D:7      | Reached skill level 9 in Earth Magic
  6367 | D:7      | Noticed Harold
  6378 | D:7      | Noticed Harold
  6378 | D:7      | Harold changed into Harold the salamander
  6384 | D:7      | Slain by Harold the salamander

Illustrated notes

Levels and vault maps discovered:
D:1:      minmay_arrival_shattered_statue, layout_loops_cross
D:2:      layout_loops_ring, elyvilon_altar_3, uniq_robin
D:3:      layout_loops_ring, chequers_ecumenical_altar_simple, uniq_jessica
D:4:      layout_cave_pools
D:5:      layout_rooms, serial_shops, nicolae_shop_waterfront
D:6:      minmay_polygon_palace, layout_rooms, guppyfry_early_elven_hall,
          uniq_crazy_yiuf_cottage, uniq_maggie, uniq_prince_ribbit1
D:7:      layout_layer_cave, minmay_temple_entry_enclosed_plants, uniq_harold
Temple:   nicolae_temple_the_god_donut

Skill      XL: |  1  2  3  4  5  6  7  8  9 10 |
---------------+-------------------------------+-----
Earth Magic    | 4 5 6 7 8 9 |  9.0
Spellcasting   | 3 4 5 6 |  6.5
Conjurations   | 2 3 5 |  5.8
Fighting       | 1 2 3 |  3.9
Maces & Flails | 1 2 3 |  3.6
Armour         | 1 2 3 |  3.9
Evocations     | 1 2 3 |  3.1
Dodging        | 2 3 |  3.3
Stealth        | |  2.1
Transmutations | |  0.7

Action                   |  1- 3 |  4- 6 |  7- 9 | 10-12 || total
-------------------------+-------+-------+-------+-------++-------
Melee: Unarmed           |     1 |       |       |       ||     1
       Dagger            |    97 |   194 |   103 |       ||   394
       Falchion          |       |     5 |    15 |       ||    20
       Headbutt          |       |       |    10 |       ||    10
 Cast: Sandblast         |    20 |    50 |    88 |       ||   158
       Stone Arrow       |       |     4 |    35 |    14 ||    53
       Lee's Rapid Decon |       |       |     5 |       ||     5
Evoke: Wand              |       |       |     7 |    10 ||    17
  Use: Scroll            |     3 |    11 |     5 |       ||    19
       Potion            |     1 |     2 |       |     1 ||     4
 Stab: Sleeping          |     4 |     3 |     2 |       ||     9
Armor: Robe              |    34 |    53 |    95 |     3 ||   185
       Skin              |       |    25 |       |       ||    25
Dodge: Dodged            |    93 |   106 |   121 |     3 ||   323
       Rpst.: Falchion   |       |       |     1 |       ||     1

Table legend: (Time is in decaauts)
 A = Elapsed time spent in this place.
 B = Non-inter-level travel time spent in this place.
 C = Inter-level travel time spent in this place.
 D = Time resting spent in this place.
 E = Time spent auto-exploring this place.
 F = Levels seen in this place.
 G = Mean time per level.
                   A        B        C        D        E       F      G
               +--------+--------+--------+--------+--------+-----+--------+
         Total |   6362 |   6266 |     96 |    967 |   3618 |   8 |  795.2 |
       Dungeon |   6294 |   6210 |     84 |    967 |   3573 |   7 |  899.1 |
        Temple |     68 |     56 |     12 |      0 |     45 |   1 |   68.0 |
               +--------+--------+--------+--------+--------+-----+--------+

Top non-repeatable levels by time:
     D:2: 1468 daAuts
     D:6: 1238 daAuts
     D:7: 818 daAuts
     D:1: 806 daAuts
     D:3: 701 daAuts
     D:4: 635 daAuts
     D:5: 625 daAuts
  Temple: 68 daAuts
